Map: Carnicería en Korhal EE

Players

GothicGhost - Winner!

  • Race: Protoss Protoss

Maidaz

  • Race: Zerg Zerg

VOD

Have the link to the VOD?

Description

Time

  • Played on: May 2, 2016, 7:44 p.m.
  • Length: 7:00
Show
View Real Time Build Order
Export as new Build Order

GothicGhost Protoss - Winner!

Build Orders:  

Get SALT Encoding   

  12  0:01  Probe (Chrono Boost)  
  13  0:11  Probe (Chrono Boost)  
  14  0:18  Pylon  
  14  0:22  Probe (Chrono Boost)  
  15  0:36  Probe (Chrono Boost)  
  15  0:39  Gateway  
  16  0:46  Probe (Chrono Boost)  
  17  0:51  Assimilator  
  17  0:55  Assimilator  
  17  0:58  Probe (Chrono Boost)  
  18  1:10  Probe (Chrono Boost)  
  19  1:17  Gateway  
  19  1:20  Probe (Chrono Boost)  
  20  1:28  Cybernetics Core  
  20  1:36  Pylon  
  20  1:40  Probe (Chrono Boost)  
  21  1:51  Probe (Chrono Boost)  
  22  2:02  Probe (Chrono Boost)  
  23  2:11  Zealot x2  
  23  2:13  Warp Gate (Chrono Boost)  
  27  2:22  Stargate  
  27  2:34  Pylon  
  27  2:39  Mothership Core (Chrono Boost)  
  29  2:45  Zealot  
  31  2:52  Zealot  
  31  2:57  Pylon  
  33  3:12  Fleet Beacon  
  33  3:30  Gateway  
  33  3:47  Zealot x2  
  43  4:03  Pylon  
  43  4:33  Stalker x3  
  49  4:57  Stalker  
  49  4:58  Stalker x2  
  55  5:04  Pylon  
  55  5:25  Stalker x2  
  55  5:27  Pylon  
  59  5:29  Stalker  
  61  6:04  Stalker x3  
  63  6:05  Pylon  
Show
View Real Time Build Order
Export as new Build Order

Maidaz Zerg 

Build Orders: Hatch First 

Get SALT Encoding   

  12  0:01  Drone  
  13  0:09  Drone  
  14  0:17  Overlord  
  14  0:36  Drone x3  
  17  0:53  Hatchery  
  17  0:56  Drone  
  17  1:01  Drone  
  18  1:07  Extractor  
  18  1:09  Drone  
  18  1:20  Drone  
  18  1:24  Spawning Pool  
  18  1:30  Drone  
  20  1:47  Drone  
  20  1:54  Drone  
  21  2:06  Drone x2  
  23  2:14  Drone, Queen  
  26  2:15  Queen  
  26  2:16  Metabolic Boost  
  28  2:23  Overlord  
  28  2:46  Drone x2  
  28  2:47  Zergling x6  
  33  2:52  Zergling x2  
  34  2:58  Zergling x2  
  35  3:06  Hatchery  
  34  3:14  Roach Warren  
  34  3:17  Drone x3  
  36  3:30  Overlord  
  36  3:33  Overlord  
  36  3:50  Lair  
  36  3:53  Extractor  
  35  4:01  Drone  
  35  4:02  Drone x2  
  38  4:07  Drone x3  
  41  4:13  Roach  
  40  4:23  Extractor  
  39  4:29  Spore Crawler  
  39  4:31  Roach x5  
  41  4:32  Roach  
  49  4:42  Queen  
  49  4:43  Drone  
  52  4:51  Spire  
  51  5:06  Drone x3  
  51  5:07  Drone x3  
  56  5:10  Extractor  
  56  5:16  Overlord x2  
  56  5:17  Overlord  
  56  5:27  Spine Crawler  
  55  5:28  Spine Crawler  
  55  5:34  Queen  
  56  5:48  Overseer  
  56  5:49  Overseer  
  51  5:52  Roach x5  
  55  6:11  Roach  
  55  6:12  Roach x3  
  55  6:16  Ravager x3  
  64  6:29  Extractor  
  63  6:39  Roach x2  
Tags
 
Add a new tag
Caveats
  • Supply blocks, unpowered buildings, or Contaminate may cause inaccurate times.
  • Supply counts are checked every 10 seconds.